 Dungeon Crawl Stone Soup version 0.23-a0-494-g91793a9 (webtiles) character file.

114 zishaf the Sneak (level 5, -3/31 HPs)
             Began as a Kobold Assassin on Dec 3, 2018.
             Killed from afar by an orc wizard (10 damage)
             ... with a magic dart
             ... on level 3 of the Dungeon.
             The game lasted 00:04:49 (1797 turns).

zishaf the Sneak (Kobold Assassin)                  Turns: 1797, Time: 00:04:49

Health: -3/31      AC:  4    Str:  9    XL:     5   Next: 19%
Magic:  5/5        EV: 30    Int: 13    God:
Gold:   94         SH:  0    Dex: 16    Spells: 4/4 levels left

rFire    + . .     SeeInvis .   a - +2 dagger
rCold    + . .     Gourm    .   (shield restricted)
rNeg     . . .     Faith    .   s - +0 leather armour
rPois    .         Spirit   .   p - +0 helmet
rElec    .         Reflect  .   m - scarf {rC+ rF+}
rCorr    .         Harm     .   (no gloves)
MR       .....                  (no boots)
Stlth    +++.......             h - amulet of the acrobat
HPRegen  0.10/turn              (no ring)
MPRegen  0.09/turn              (no ring)

@: slowed, very slow
A: small, carnivore
a: no special abilities


You were on level 3 of the Dungeon.
You were completely stuffed.

You visited 1 branch of the dungeon, and saw 3 of its levels.

You collected 94 gold pieces.

Inventory:

Hand Weapons
 a - a +2 dagger (weapon)
 b - a +0 blowgun
Missiles
 e - 19 poisoned needles
 f - 2 curare-tipped needles
Armour
 c - a +0 robe
 m - a scarf of resistance (worn)
 p - a +0 helmet (worn)
 s - a +0 leather armour (worn)
Jewellery
 h - an amulet of the acrobat (around neck)
Wands
 d - a wand of paralysis (8)
Scrolls
 i - a scroll of random uselessness {unknown}
 j - a scroll of remove curse {unknown}
 k - a scroll of immolation {unknown}
 l - 2 scrolls of enchant armour {unknown}
 n - a scroll of noise {unknown}
 v - a scroll of teleportation {unknown}
Potions
 o - a potion of haste {unknown}
 q - 2 potions of curing {unknown}
 r - a potion of brilliance {unknown}
 t - 3 potions of mutation {unknown}
Comestibles
 g - 4 rations
 u - 10 chunks of flesh


   Skills:
 + Level 2.7 Fighting
 * Level 4.3 Short Blades
 + Level 2.9 Throwing
 + Level 3.0 Dodging
 + Level 5.8 Stealth


You had 4 spell levels left.
You didn't know any spells.
Your spell library was empty.

Dungeon Overview and Level Annotations

Branches:
Dungeon (3/15)

Altars:
Ashenzari
Cheibriados
Nemelex Xobeh
Qazlal
Trog
Vehumet
Yredelemnul


Innate Abilities, Weirdness & Mutations

You are small and have problems with some larger weapons.
You are carnivorous and can eat meat at any time.


Message History

The orc wizard blinks!
The orc wizard mumbles some strange words.
The orc wizard blinks!
The orc wizard gestures at you while chanting.
The magic dart hits you!
You see here a stone.
The orc wizard completely misses you.
The orc wizard mumbles some strange words.
The orc wizard seems to speed up.
The orc wizard gestures at you while chanting.
The magic dart hits you! The orc wizard closely misses you.
The orc wizard gestures at you while chanting.
The magic dart hits you!
* * * LOW HITPOINT WARNING * * *
The orc wizard mumbles some strange words.
The orc wizard seems to speed up.
The orc wizard misses you. The orc wizard casts a spell at you.
The magic dart hits you!
You die...

########.##..# #..
.....#..# #.# #..#..##
####.#### #..[....
#.......# ##.#..## #.
#÷#####.####.#..#
#.####.# #...)..#..##
#.#....# #.###..#....
#.#.##@# #.(......###
##.#.##.#####.###..###
#....##.oo............
#.............###..##.
#...####...#(## #..#
#..÷#####.##)####..#..
#.....# #.............
#...#.# ####..........
#.#.#.# #######....


You could see an orc wizard.

Vanquished Creatures
  Jessica (D:2)
  Ijyb (D:3)
  2 adders (D:2)
  A worm (D:2)
  A dart slug (D:1)
  An orc (D:3)
  2 giant cockroaches (D:1)
  8 goblins
  6 hobgoblins
  2 jackals (D:2)
  3 kobolds
  A ball python (D:3)
  3 bats
  A frilled lizard (D:1)
  7 rats
40 creatures vanquished.

Notes
Turn   | Place    | Note
-------+----------+-------------------------------------------
     0 | D:1      | zishaf the Kobold Assassin began the quest for the Orb.
     0 | D:1      | Reached XP level 1. HP: 12/12 MP: 1/1
   147 | D:1      | Reached XP level 2. HP: 17/17 MP: 2/2
   374 | D:1      | Reached XP level 3. HP: 22/22 MP: 3/3
   772 | D:2      | Found a sparkling altar of Nemelex Xobeh.
   946 | D:2      | Found a shattered altar of Ashenzari.
   946 | D:2      | Found a radiant altar of Vehumet.
   946 | D:2      | Found a stormy altar of Qazlal.
   946 | D:2      | Found a bloodstained altar of Trog.
   947 | D:2      | Found a snail-covered altar of Cheibriados.
   947 | D:2      | Found a basalt altar of Yredelemnul.
  1228 | D:2      | Reached XP level 4. HP: 24/27 MP: 4/4
  1436 | D:2      | Noticed Jessica
  1443 | D:2      | Killed Jessica
  1586 | D:3      | Noticed Ijyb
  1590 | D:3      | Killed Ijyb
  1590 | D:3      | Reached XP level 5. HP: 31/31 MP: 5/5
  1797 | D:3      | Killed from afar by an orc wizard

Vault maps used:
D:1:      lemuel_arrival_funnel, chequers_serial_rivers_micro_c
D:2:      old_standard_altar, grunt_temple_overflow_open, first_ration,
          uniq_jessica
D:3:      minmay_cut_off, uniq_ijyb, uniq_crazy_yiuf_cottage

Skill      XL: |  1  2  3  4  5 |
---------------+----------------+-----
Short Blades   | 3 4 |  4.3
Dodging        | 2 3 |  3.0
Fighting       | |  2.7
Throwing       | |  2.9
Stealth        | |  5.8

Action                   |  1- 3 |  4- 6 || total
-------------------------+-------+-------++-------
Melee: Dagger            |   100 |    21 ||   121
 Fire: Blowgun           |     9 |     1 ||    10
 Stab: Sleeping          |    12 |     4 ||    16
  Eat: Chunk             |     9 |     2 ||    11
Armor: Robe              |    12 |       ||    12
       Leather armour    |     3 |     2 ||     5
Dodge: Dodged            |    44 |    10 ||    54

Table legend:
 A = Non-vault XP
 B = Vault XP
 C = Vault XP percentage of total XP
 D = Non-vault monster count
 E = Vault monster count
 F = Vault count percentage of total count
                 A         B        C        D         E       F
            +---------+---------+-------+---------+---------+-------
      Total |      92 |      72 |  43.9 |      38 |       2 |   5.0
            +---------+---------+-------+---------+---------+-------
        D:1 |      37 |       0 |   0.0 |      21 |       0 |   0.0
        D:2 |      44 |      37 |  45.7 |      10 |       1 |   9.1
        D:3 |      11 |      35 |  76.1 |       7 |       1 |  12.5
            +---------+---------+-------+---------+---------+-------
